 Dungeon Crawl Stone Soup version 0.18.1-50-g88ac8fd (webtiles) character file.

198 GammafunkIsABaby the Chiller (level 5, 1/34 HPs)
             Began as a High Elf Ice Elementalist on June 9, 2018.
             Was an Initiate of Pakellas.
             Quit the game on level 4 of the Dungeon.
             The game lasted 00:05:53 (816 turns).

GammafunkIsABaby the Chiller (HEIE)                  Turns: 816, Time: 00:05:54

Health: 1/34       AC:  7    Str:  8    XL:     5   Next: 47%
Magic:  4/10       EV: 21    Int: 19    God:    Pakellas [......]
Gold:   50         SH:  0    Dex: 15    Spells: 1 memorised, 9 levels left

rFire  + + .     SeeInvis .     (weapon currently unavailable)
rCold  + + .     Gourm    .     (armour currently unavailable)
rNeg   + + +     Faith    .     (shield currently unavailable)
rPois  +         Spirit   .     (helmet currently unavailable)
rElec  +         Dismiss  .     (cloak currently unavailable)
rCorr  +         Reflect  .     (gloves currently unavailable)
SustAt .         Harm     .     (boots currently unavailable)
MR     .....                    (amulet currently unavailable)
Stlth  ++........               (ring currently unavailable)
                                (ring currently unavailable)

@: lethally poisoned (1 -> -10), wisp-form, flying, quick, not resistant to
hostile enchantments, unstealthy
A: no striking features
a: Renounce Religion


You were on level 4 of the Dungeon.
You worshipped Pakellas.
Pakellas was noncommittal.
You were not hungry.
You were an insubstantial wisp.
You visited 1 branch of the dungeon, and saw 4 of its levels.

You collected 50 gold pieces.

Inventory:

Hand Weapons
 a - a +0 dagger (melded)
 b - a +1 scythe
Armour
 i - a +0 robe
 k - a +2 ring mail (melded)
Wands
 f - a wand of polymorph (7/24)
Potions
 e - 3 potions of degeneration
Books
 g - a book of Frost

   Spells                             Type                      Level
   a - Freeze                         Ice                          1
   b - Throw Frost                    Conjuration/Ice              2
   c - Ozocubu's Armour               Charms/Ice                   3
   d - Throw Icicle                   Conjuration/Ice              4
   e - Summon Ice Beast               Ice/Summoning                4
Comestibles
 c - a bread ration
 d - a meat ration
 h - 4 fruits


   Skills:
 + Level 2.1 Fighting
 + Level 1.6 Armour
 + Level 3.4 Dodging
 - Level 2.1 Stealth
 - Level 3.1 Spellcasting
   Level 1.1 Conjurations
 - Level 3.6 Ice Magic
 + Level 2.0 Evocations


You had 9 spell levels left.
You knew the following spells:

 Your Spells              Type           Power        Failure   Level  Hunger
a - Freeze                Ice            ###.         4%          1    None


Dungeon Overview and Level Annotations

Branches:
Dungeon (4/15)
 Temple: D:4-7

Altars:
Pakellas
The Shining One


Message History

Unknown command.
Unknown command.
Unknown command.
Unknown command.
* * * LOW HITPOINT WARNING * * *
You feel sick.
Your magical contamination has completely faded away.
* * * LOW HITPOINT WARNING * * *
You feel sick.
Read which item? (? for menu, Esc to quit)
Okay, then.
Read which item? (? for menu, Esc to quit)
As you read the scroll labeled NUYLUM QAIQU, it crumbles to dust.
It is a scroll of enchant weapon.
Enchant which weapon? (? for menu, Esc to quit)
Your scythe glows red for a moment.
* * * LOW HITPOINT WARNING * * *
You feel sick.
A jackal comes into view.
Are you sure you want to abandon this character and quit the game? (Confirm with "yes".)

### # .h.#
####.#
......
####.###.###
#...§a.....#
#.######.#.#
.S #v# ##
#.# ...
#####


You could see a jackal (wandering).

Vanquished Creatures
  Sigmund (D:2)
  An adder (D:2)
  A worm (D:2)
  2 giant geckos
  2 giant cockroaches
  4 goblins
  4 hobgoblins
  2 kobolds
  3 quokkas (D:2)
  2 bats (D:1)
  A giant newt (D:2)
  A rat (D:3)
24 creatures vanquished.

Notes
Turn   | Place    | Note
--------------------------------------------------------------
     0 | D:1      | GammafunkIsABaby the High Elf Ice Elementalist began the quest for the Orb.
     0 | D:1      | Reached XP level 1. HP: 11/11 MP: 4/4
     6 | D:1      | Noticed a lindwurm
     6 | D:1      | Noticed a salamander
     6 | D:1      | Noticed a swamp drake
   108 | D:1      | Reached XP level 2. HP: 1/17 MP: 0/6
   317 | D:2      | Found an oddly glowing altar of Pakellas.
   320 | D:2      | Became a worshipper of Pakellas the Inventive
   504 | D:2      | Found a faded altar to an unknown god.
   585 | D:2      | Reached XP level 3. HP: 9/22 MP: 2/8
   733 | D:2      | Found a glowing golden altar of the Shining One.
   746 | D:2      | Noticed Sigmund
   762 | D:2      | Killed Sigmund
   762 | D:2      | Reached skill level 1 in Armour
   762 | D:2      | Reached XP level 4. HP: 18/29 MP: 3/9
   762 | D:2      | Reached XP level 5. HP: 21/34 MP: 3/10
   815 | D:4      | HP: 1/34 [poisoned by a worker ant]
   816 | D:4      | Quit the game

Skill      XL: |  1  2  3 |
---------------+----------+-----
Spellcasting   | 3 |  3.1
Fighting       | 2 |  2.1
Armour         | 1 |  1.6
Dodging        | 3 |  3.4
Evocations     | 2 |  2.0
Stealth        | |  2.1
Conjurations   | |  1.1
Ice Magic      | |  3.6

Action                   |  1- 3 |  4- 6 || total
-------------------------+-------+-------++-------
Melee: Unarmed           |     9 |     2 ||    11
       Dagger            |    26 |    11 ||    37
 Cast: Freeze            |    27 |       ||    27
Evoke: Wand              |       |     1 ||     1
  Use: Scroll            |     6 |     1 ||     7
       Potion            |     1 |       ||     1
 Stab: Sleeping          |     3 |     1 ||     4
Armor: Robe              |     5 |       ||     5
       Ring mail         |     8 |     1 ||     9
Dodge: Dodged            |    29 |     5 ||    34
